 Dungeon Crawl Stone Soup version 0.31.0-11-ge490571c62 (webtiles) character file.

Game seed: 8903701925418114569

1971 qw the Skirmisher (level 9, 0/50 HPs)
             Began as a Deep Elf Hunter on Feb 5, 2024.
             Was a Believer of Okawaru.
             Succumbed to a hornet's poison
             ... on level 7 of the Dungeon.
             The game lasted 00:01:58 (5752 turns).

qw the Skirmisher (Deep Elf Hunter)                 Turns: 5752, Time: 00:01:58

Health: 0/50       AC: 18    Str: 12    XL:     9   Next: 0%
Magic:  12/14      EV: 13    Int: 19    God:    Okawaru [**....]
Gold:   302        SH:  0    Dex: 16    Spells: 8/8 levels left

rFire   . . .        b - +0 orcbow
rCold   . . .        (shield currently unavailable)
rNeg    + . .        c - +6 scale mail "Dygged" {rN+ Int+4 Dex-2}
rPois   .            m - +0 helmet
rElec   .            (no cloak)
rCorr   +            f - +1 pair of gloves
SInv    .            i - +0 pair of boots
Will    .....        (no amulet)
Stlth   ++           j - ring of resist corrosion
HPRegen 0.28/turn    (no ring)
MPRegen 0.14/turn

%: no passive effects
@: lethally poisoned (0 -> -5), heroic
A: no striking features
a: Renounce Religion, Heroism


You were on level 7 of the Dungeon.
You worshipped Okawaru.
Okawaru was pleased with you.
You visited 2 branches of the dungeon, and saw 8 of its levels.

You collected 302 gold pieces.


   Skills:
 - Level 3.0(8.0) Fighting
 + Level 13.5(18.5) Ranged Weapons
 - Level 2.0(7.0) Armour
 - Level 4.5(9.5) Dodging
 - Level 1.2(6.2) Stealth
 - Level 4.0 Invocations


You had 8 spell levels left.
You didn't know any spells.
Your spell library was empty.

Inventory:

Hand Weapons
 b - a +0 orcbow (weapon)
Armour
 c - the +6 scale mail "Dygged" (worn) {rN+ Int+4 Dex-2}
   (You found it on level 5 of the Dungeon)

   Int+4:     It affects your intelligence (+4).
   Dex-2:     It affects your dexterity (-2).
   rN+:       It protects you from negative energy.
 f - a +1 pair of gloves (worn)
 i - a +0 pair of boots (worn)
 m - a +0 helmet (worn)
Jewellery
 j - a ring of resist corrosion (left hand)
Potions
 a - a potion of enlightenment {unknown}
 d - a potion of might {unknown}
 e - a potion of haste
 g - a potion of degeneration {unknown}
 k - a potion of mutation
 l - a potion of resistance {unknown}
 n - 2 potions of curing
 r - a potion of magic {unknown}
 t - a potion of lignification {unknown}

Dungeon Overview and Level Annotations

Branches:
Dungeon (7/15)             Temple (1/1) D:4

Altars:
Ashenzari
Cheibriados
Dithmenos
Fedhas
Hepliaklqana
Nemelex Xobeh
Okawaru
Qazlal
Ru
Sif Muna
Uskayaw
Wu Jian
Xom
Yredelemnul

Portals:
Abyss: D:3

Annotations:
D:3 2 transporters, qw's ghost, amateur DEHu


Message History

You shoot an arrow.
The arrow hits the hornet but does no damage.
The hornet stings you!
You are poisoned.
You suddenly lose the ability to move!
You can move again.
You shoot an arrow. The arrow closely misses the hornet.
You feel very sick. The hornet barely misses you. The hornet stings you.
You shrug off the repeated paralysis!
You shoot an arrow. The arrow misses the hornet.
You feel sick. The hornet barely misses you.
The hornet stings you but does no damage.
You shoot an arrow. The arrow closely misses the hornet.
You feel sick.
The hornet stings you but does no damage.
You shoot an arrow. The arrow closely misses the hornet.
You feel sick. The hornet closely misses you. The hornet stings you.
You are more poisoned.
You feel yourself slow down.
5748 ||| INVOKING Heroism.
You gain the combat prowess of a mighty hero.
You feel yourself speed up.
You feel very sick. The hornet closely misses you. x2
You shoot an arrow. The arrow hits the hornet!
The hornet is moderately wounded.
You feel sick. The hornet stings you!
You feel yourself slow down.
You shoot an arrow. The arrow hits the hornet!
The hornet is heavily wounded.
You feel yourself speed up.
You feel very sick.
The hornet stings you but does no damage.
The hornet closely misses you. The hornet misses you.
You shoot an arrow. The arrow closely misses the hornet.
You feel sick.
The hornet stings you but does no damage.
You shoot an arrow. The arrow hits the hornet!
The hornet is severely wounded.
You die...

.... ... ....
... #.# ####.#
##.##.....#
#...y......
###.#@#
#.....#
#.####.....#
#..........#
######.....#.#
#.....#.### .#
###.###...##.#
#.# #.#.##.#
#.# #.#.##.#


You could see a hornet.

Vanquished Creatures
  Sigmund (D:4)
  Eustachio (D:4)
  Menkaure (D:5)
  A water moccasin (D:7)
  A sky beast (D:6)
  A black bear (D:6)
  Pargi (D:3)
  An ogre (D:4)
  3 phantoms
  4 scorpions
  A howler monkey (D:4)
  A bombardier beetle (D:3)
  2 jellies
  An orc priest (D:5)
  3 hounds
  A sleepcap (D:5)
  Jessica (D:2)
  3 iguanas
  5 orc wizards
  4 adders
  A shadow imp (D:6)
  A dart slug (D:1)
  A ribbon worm (D:3)
  9 orcs
  2 ball pythons
  6 bats
  10 endoplasms
  2 giant cockroaches (D:2)
  5 goblins
  9 hobgoblins
  13 jackals
  4 kobolds
  9 quokkas
  5 frilled lizards
  6 rats
120 creatures vanquished.

Notes
Turn   | Place    | Note
-------+----------+-------------------------------------------
     0 | D:1      | qw the Deep Elf Hunter began the quest for the Orb.
     0 | D:1      | Reached XP level 1. HP: 12/12 MP: 3/3
     0 | D:1      | 0 ||| qw: Version: 0.3-a-160-g6735b56
     0 | D:1      | 0 ||| qw: Game counter: 6469
     0 | D:1      | 0 ||| qw: Melee chars always use a shield: true
     0 | D:1      | 0 ||| qw: God list: Okawaru
     0 | D:1      | 0 ||| qw: Allow faded altars: false
     0 | D:1      | 0 ||| qw: Do Orc after clearing Dungeon:15 true
     0 | D:1      | 0 ||| qw: Do second Lair branch before Depths: true
     0 | D:1      | 0 ||| qw: Lair rune preference: random
     0 | D:1      | 0 ||| qw: Goals: Normal
     0 | D:1      | 0 ||| PLANNING D:1-11
   353 | D:1      | Reached skill level 6 in Ranged Weapons
   353 | D:1      | Reached XP level 2. HP: 16/16 MP: 4/4
   871 | D:1      | 871 ||| UPGRADING to +0 pair of gloves.
   876 | D:1      | 876 ||| UPGRADING to +0 ring mail.
   886 | D:1      | 886 ||| DROPPING +0 leather armour.
   887 | D:1      | 887 ||| UPGRADING to +0 pair of boots.
   892 | D:1      | 892 ||| UPGRADING to +0 helmet.
   897 | D:1      | 897 ||| UPGRADING to ring of resist corrosion.
   898 | D:1      | 898 ||| READING scroll labelled JIYRGH ZEIW.
   899 | D:1      | 899 ||| READING scroll labelled ZOPTUKL SUFIFA.
   900 | D:1      | 900 ||| DRINKING 2 smoky dark potions.
   901 | D:1      | 901 ||| DROPPING scroll of butterflies.
   924 | D:2      | 924 ||| RETREEEEATING.
   940 | D:2      | Reached XP level 3. HP: 7/20 MP: 5/5
  1010 | D:2      | Reached skill level 7 in Ranged Weapons
  1294 | D:2      | Noticed Jessica
  1300 | D:2      | Killed Jessica
  1301 | D:2      | Reached XP level 4. HP: 25/25 MP: 6/6
  1906 | D:2      | 1906 ||| READING scroll labelled FOIKHL SUNENN.
  1906 | D:2      | 1906 ||| ENCHANTING +0 pair of gloves.
  1907 | D:2      | 1907 ||| READING scroll labelled FEFIS DU ETEPN.
  1907 | D:2      | 1907 ||| IDENTIFYING bubbling emerald potion
  1908 | D:2      | 1908 ||| READING scroll labelled HETAOS IZAF.
  1909 | D:2      | 1909 ||| READING scroll labelled JUESUFRESCHAU.
  1910 | D:2      | 1910 ||| READING scroll labelled GYEPYV WULU.
  1911 | D:2      | 1911 ||| READING scroll labelled ROCZOHAMUP.
  1911 | D:2      | 1911 ||| BRANDING +0 shortbow.
  1912 | D:2      | 1912 ||| READING scroll labelled ROFIJA QEIGE.
  1912 | D:2      | 1912 ||| ENCHANTING +0 shortbow of draining.
  1913 | D:2      | 1913 ||| DROPPING potion of attraction.
  1978 | D:3      | Noticed qw's ghost (amateur DEHu)
  2085 | D:3      | Reached skill level 8 in Ranged Weapons
  2164 | D:3      | Reached skill level 1 in Armour
  2164 | D:3      | Reached XP level 5. HP: 29/29 MP: 7/7
  2189 | D:3      | Found a blossoming altar of Fedhas.
  2236 | D:3      | Noticed Pargi
  2245 | D:3      | Killed Pargi
  2322 | D:3      | Reached skill level 9 in Ranged Weapons
  2341 | D:3      | Reached XP level 6. HP: 33/35 MP: 8/8
  2354 | D:3      | Found a transporter.
  2370 | D:3      | Found a transporter.
  2372 | D:3      | Found a one-way gate to the infinite horrors of the Abyss.
  2542 | D:3      | Noticed a small abomination
  2670 | D:3      | Found a hazy altar of Hepliaklqana.
  2796 | D:3      | 2796 ||| READING scroll labelled JOSIPA ZUUFIXY.
  2893 | D:4      | Found a staircase to the Ecumenical Temple.
  2894 | D:4      | 2894 ||| PLANNING TEMPLE
  2894 | D:4      | 2894 ||| READING scroll of identify.
  2894 | D:4      | 2894 ||| IDENTIFYING cyan potion
  2895 | D:4      | 2895 ||| DROPPING potion of ambrosia.
  2904 | Temple   | Entered the Ecumenical Temple
  2905 | Temple   | 2905 ||| PLANNING OKAWARU WORSHIP
  2920 | Temple   | Became a worshipper of Warmaster Okawaru
  2921 | Temple   | 2921 ||| PLANNING D:1-11
  3058 | D:4      | Reached skill level 10 in Ranged Weapons
  3128 | D:4      | Noticed Sigmund
  3135 | D:4      | Killed Sigmund
  3135 | D:4      | Reached * piety under Okawaru
  3136 | D:4      | Reached XP level 7. HP: 40/40 MP: 9/9
  3147 | D:4      | Reached skill level 1 in Invocations
  3191 | D:4      | Noticed Eustachio
  3192 | D:4      | 3192 ||| INVOKING Heroism.
  3197 | D:4      | Killed Eustachio
  3404 | D:4      | Reached skill level 11 in Ranged Weapons
  3404 | D:4      | Reached skill level 3 in Invocations
  3654 | D:4      | 3654 ||| READING 2 scrolls of identify.
  3654 | D:4      | 3654 ||| IDENTIFYING bubbling silvery potion
  3655 | D:4      | 3655 ||| READING scroll of identify.
  3655 | D:4      | 3655 ||| IDENTIFYING fuming cyan potion
  3656 | D:4      | 3656 ||| DROPPING potion of berserk rage.
  3662 | D:5      | Entered Level 5 of the Dungeon
  3683 | D:5      | Reached XP level 8. HP: 30/44 MP: 12/12
  3686 | D:5      | 3686 ||| FLEEEEING.
  3687 | D:5      | 3687 ||| FLEEEEING.
  3693 | D:5      | Reached ** piety under Okawaru
  3970 | D:5      | Identified the +6 scale mail "Dygged" {rN+ Int+4 Dex-2}
  4113 | D:5      | Reached skill level 12 in Ranged Weapons
  4147 | D:5      | Noticed Menkaure
  4155 | D:5      | Killed Menkaure
  4271 | D:5      | Found an ornate altar of the Wu Jian Council.
  4274 | D:5      | Found a sparkling altar of Nemelex Xobeh.
  4284 | D:5      | Reached skill level 3 in Fighting
  4326 | D:5      | Found a shimmering blue altar of Sif Muna.
  4591 | D:5      | 4591 ||| UPGRADING to +6 scale mail "Dygged" {rN+ Int+4
                  | Dex-2}.
  4601 | D:5      | 4601 ||| DROPPING +0 ring mail.
  4602 | D:5      | 4602 ||| READING scroll of identify.
  4602 | D:5      | 4602 ||| IDENTIFYING amethyst potion
  4603 | D:5      | 4603 ||| READING scroll labelled LOHUTU CUJOYSI.
  4604 | D:5      | 4604 ||| READING scroll labelled YLEHO TIKLUR.
  4747 | D:6      | 4747 ||| SWAPPING to +0 orcbow.
  4748 | D:6      | 4748 ||| DROPPING +1 shortbow of draining.
  4788 | D:6      | Found a stormy altar of Qazlal.
  4809 | D:6      | Found a broken altar of Ashenzari.
  5044 | D:6      | Reached skill level 13 in Ranged Weapons
  5229 | D:6      | Found a snail-covered altar of Cheibriados.
  5462 | D:7      | Reached XP level 9. HP: 31/50 MP: 14/14
  5743 | D:7      | Paralysed by a hornet for 1 turns
  5748 | D:7      | 5748 ||| INVOKING Heroism.
  5749 | D:7      | HP: 6/50 [hornet (9)]
  5751 | D:7      | HP: 2/50 [poisoned by a hornet]
  5752 | D:7      | Succumbed to a hornet's poison

Levels and vault maps discovered:
D:1:      co_arrival_random_square_maze, layout_loops_corners,
          nrook_mini_backslash
D:2:      layout_basic, kennysheep_generic_room_7, uniq_jessica
D:3:      layout_basic, mainiacjoe_overflow_alcove_2,
          mainiacjoe_overflow_alcove_4, gammafunk_ghost_abyssal_escape,
          minivault_23, minmay_door_square, minivault_27, uniq_pargi
D:4:      layout_basic, minmay_temple_entry_arrows, st_stairs_1, uniq_eustachio,
          uniq_sigmund
D:5:      layout_loops_cross, nicolae_sif_muna_condensation,
          nicolae_overflow_squiral, nicolae_houndstooth_variations,
          uniq_menkaure
D:6:      layout_rooms, chei_slow_surprise, mainiacjoe_overflow_large_starburst
D:7:      layout_loops_ring, serial_shops, shop, grunt_ministairs_1
Temple:   nicolae_temple_superstar

Skill      XL: |  1  2  3  4  5  6  7  8 |
---------------+-------------------------+-----
Ranged Weapons | 6 7 8 9 10 11 13 | 13.5
Armour         | 1 2 |  2.0
Fighting       | 2 3 |  3.0
Dodging        | 4 |  4.5
Invocations    | 3 4 |  4.0
Stealth        | |  1.2

Action                     |  1- 3 |  4- 6 |  7- 9 || total
---------------------------+-------+-------+-------++-------
   Fire: Shortbow          |   106 |   140 |   109 ||   355
         Orcbow            |       |       |    96 ||    96
 Invoke: Heroism           |       |       |     2 ||     2
    Use: Scroll            |     2 |     9 |     5 ||    16
         Potion            |     1 |       |       ||     1
 Armour: Ring mail         |    18 |    33 |    31 ||    82
         Leather armour    |     2 |       |       ||     2
         Scale mail        |       |       |    44 ||    44
  Dodge: Dodged            |    30 |    37 |    50 ||   117

Table legend:
 A = Non-vault XP
 B = Vault XP
 C = Vault XP percentage of total XP
 D = Non-vault monster count
 E = Vault monster count
 F = Vault count percentage of total count
                 A         B        C        D         E       F
            +---------+---------+-------+---------+---------+-------
      Total |    1969 |     848 |  30.1 |     109 |      11 |   9.2
            +---------+---------+-------+---------+---------+-------
        D:1 |      25 |       0 |   0.0 |      14 |       0 |   0.0
        D:2 |      69 |      43 |  38.4 |      26 |       4 |  13.3
        D:3 |     174 |     121 |  41.0 |      27 |       1 |   3.6
        D:4 |     431 |     527 |  55.0 |      15 |       5 |  25.0
        D:5 |     537 |     157 |  22.6 |      14 |       1 |   6.7
        D:6 |     576 |       0 |   0.0 |      12 |       0 |   0.0
        D:7 |     157 |       0 |   0.0 |       1 |       0 |   0.0
            +---------+---------+-------+---------+---------+-------
